 Dungeon Crawl Stone Soup version 0.19.5 (webtiles) character file.

56 equalderp2856 the Chiller (level 3, -1/14 HPs)
             Began as a Felid Ice Elementalist on Apr 1, 2017.
             Slain by a frilled lizard (2 damage)
             ... on level 2 of the Dungeon.
             The game lasted 00:06:13 (2079 turns).

equalderp2856 the Chiller (Felid Ice Elementalist)  Turns: 2079, Time: 00:06:13

Health: -1/14      AC:  1    Str:  5    XL:     3   Next: 69%
Magic:  7/7        EV: 18    Int: 16    God:
Gold:   85         SH:  0    Dex: 16    Spells: 1 memorised, 6 levels left
                                        Lives:  0   Deaths: 0

rFire  . . .     SeeInvis +     (weapon unavailable)
rCold  . . .     Gourm    .     (armour unavailable)
rNeg   . . .     Faith    .     (shield unavailable)
rPois  .         Spirit   .     (helmet unavailable)
rElec  .         Reflect  .     (cloak unavailable)
rCorr  .         Harm     .     (gloves unavailable)
MR     .....                    (boots unavailable)
Stlth  +++.......               (no amulet)
                                (no ring)
                                (no ring)

@: quick
A: no armour, no weapons or thrown items, stealth, claws 1, fangs 3, see
invisible, carnivore 3, speed 1, shaggy fur 1, slow metabolism 1, sharp paws
a: no special abilities


You were on level 2 of the Dungeon.
You were very full.

You visited 1 branch of the dungeon, and saw 2 of its levels.

You collected 85 gold pieces.

Inventory:

Jewellery
 m - an uncursed amulet of the gourmand
Scrolls
 e - 2 scrolls of identify
 f - a scroll of magic mapping {unknown}
 h - 3 scrolls of teleportation {unknown}
 k - a scroll of enchant armour {unknown}
 n - a scroll of remove curse {unknown}
Potions
 g - a potion of flight {unknown}
 i - a potion of magic {unknown}
 j - 2 potions of degeneration
Books
 a - a book of Frost

   Spells                             Type                      Level
   a - Freeze                         Ice                          1
   b - Throw Frost                    Conjuration/Ice              2
   c - Ozocubu's Armour               Charms/Ice                   3
   d - Throw Icicle                   Conjuration/Ice              4
   e - Summon Ice Beast               Ice/Summoning                4
Comestibles
 b - 2 meat rations
 d - a beef jerky
 l - a slice of pizza


   Skills:
 + Level 3.2 Dodging
 + Level 3.2 Stealth
 + Level 0.2 Unarmed Combat
 + Level 2.5 Spellcasting
   Level 0.8 Conjurations
 + Level 3.4 Ice Magic


You had 6 spell levels left.
You knew the following spells:

 Your Spells              Type           Power        Failure   Level  Hunger
a - Freeze                Ice            ##..         6%          1    #......


Dungeon Overview and Level Annotations

Branches:
Dungeon (2/15)

Altars:
Yredelemnul


Innate Abilities, Weirdness & Mutations

You cannot wear armour.
You are incapable of wielding weapons or throwing items.
Your paws allow you to move quietly. (Stealth)
You have sharp claws.
You have razor-sharp teeth.
You have supernaturally acute eyesight. (SInv)
You are carnivorous and can eat meat at any time.
You cover ground quickly.
You are covered in fur. (AC +1)
You have a slow metabolism.
Your sharp claws are effective at attacking unaware monsters.


Message History

The frilled lizard closely misses you. The frilled lizard bites you.
The frilled lizard barely misses you.
The frilled lizard hisses.
The frilled lizard closely misses you. The frilled lizard closely misses you.
The frilled lizard misses you. The frilled lizard misses you.
The frilled lizard bites you.
* * * LOW HITPOINT WARNING * * *
The frilled lizard closely misses you. The frilled lizard closely misses you.
The frilled lizard barely misses you. The frilled lizard misses you.
The frilled lizard barely misses you. The frilled lizard bites you.
* * * LOW HITPOINT WARNING * * *
The frilled lizard bites you but does no damage.
The frilled lizard bites you.
You die...

#.#.#.#.#........
#................
#.#.#.#.#....#
.[.....(....#
####.......##
#......####
#####.#....#
#......)...+
#.#.#.#@#..#
#......l...# ###
#.#.#.#.#..# #.#
#.........## #.#
#.#.#.#(#.# #.#
#.........## #.#
#.#.#.#.#..###.#
#..............#
###........###.#


You could see a frilled lizard.

Vanquished Creatures
  An adder (D:2)
  2 dart slugs (D:1)
  A leopard gecko (D:2)
  2 ball pythons (D:2)
  4 bats
  3 giant cockroaches
  7 goblins
  5 hobgoblins
  5 kobolds
  2 frilled lizards (D:2)
  6 rats
38 creatures vanquished.

Notes
Turn   | Place    | Note
-------+----------+-------------------------------------------
     0 | D:1      | equalderp2856 the Felid Ice Elementalist began the quest for the Orb.
     0 | D:1      | Reached XP level 1. HP: 7/7 MP: 4/4
   305 | D:1      | Reached XP level 2. HP: 11/11 MP: 0/6
  1152 | D:2      | Reached XP level 3. HP: 14/14 MP: 7/7
  1845 | D:2      | Found a basalt altar of Yredelemnul.
  2079 | D:2      | Slain by a frilled lizard

Skill      XL: |  1  2  3 |
---------------+----------+-----
Dodging        | 3 |  3.2
Ice Magic      | 3 |  3.4
Stealth        | 3 |  3.2
Unarmed Combat | |  0.2
Spellcasting   | |  2.5
Conjurations   | |  0.8

Action                   || total
-------------------------++-------
Melee: Unarmed           ||    21
       Bite              ||     2
 Cast: Freeze            ||    52
  Use: Scroll            ||     3
 Stab: Sleeping          ||     2
  Eat: Chunk             ||     9
Armor: Skin              ||     8
Dodge: Dodged            ||    80
